 Dungeon Crawl Stone Soup version 0.18.1-8-gdd0e5ea (webtiles) character file.

361 epen the Chopper (level 6, 0/53 HPs)
             Began as a Hill Orc Fighter on May 21, 2016.
             Slain by a gnoll
             ... wielding a +0 spear
              (4 damage)
             ... on level 3 of the Dungeon.
             The game lasted 00:04:39 (3067 turns).

epen the Chopper (Hill Orc Fighter)                 Turns: 3067, Time: 00:04:43

Health: 0/53       AC:  8    Str: 21    XL:     6   Next: 66%
Magic:  6/6        EV:  8    Int:  8    God:
Gold:   138        SH:  9    Dex: 10    Spells: 0 memorised, 5 levels left

rFire  . . .     SeeInvis .     h - +0 hand axe (freeze)
rCold  . . .     Gourm    .     b - +0 scale mail
rNeg   . . .     Faith    .     c - +0 shield
rPois  .         Spirit   .     (no helmet)
rElec  .         Dismiss  .     (no cloak)
rCorr  .         Reflect  .     l - +0 pair of gloves (curse)
SustAt .         Harm     .     (no boots)
MR     .....                    (no amulet)
Stlth  +.........               (no ring)
                                m - ring of stealth

@: not resistant to hostile enchantments, very unstealthy
A: no striking features
a: no special abilities


You were on level 3 of the Dungeon.
You were hungry.

You visited 1 branch of the dungeon, and saw 3 of its levels.

You collected 138 gold pieces.

Inventory:

Hand Weapons
 a - a +0 war axe
 h - a +0 hand axe of freezing (weapon)
Armour
 b - a +0 scale mail (worn)
 c - a +0 shield (worn)
 l - a cursed +0 pair of gloves (worn)
Jewellery
 m - a ring of stealth (left hand)
 o - an uncursed ring of ice
Scrolls
 e - 4 scrolls of identify {unknown}
 g - 3 scrolls of teleportation {unknown}
 i - a scroll of enchant armour {unknown}
 j - a scroll of random uselessness {unknown}
 k - 4 scrolls of remove curse {unknown}
 n - a scroll of noise {unknown}
Potions
 d - a potion of might
 p - a potion of haste {unknown}
 s - a potion of invisibility {unknown}
 t - a potion of degeneration {unknown}
 u - a potion of cure mutation {unknown}
 v - a potion of cancellation {unknown}
Comestibles
 f - 2 bread rations
 q - a meat ration
 r - 4 fruits


   Skills:
 + Level 4.4 Fighting
 * Level 5.2 Axes
 + Level 4.3 Armour
 * Level 2.7 Dodging
 + Level 4.3 Shields


You had 5 spell levels left.
You didn't know any spells.

Dungeon Overview and Level Annotations

Branches:
Dungeon (3/15)

Altars:
Gozag

Annotations:
D:3 Natasha


Message History

The gnoll is almost dead.
You closely miss Natasha. The gnoll hits you. You block the gnoll's attack.
Natasha misses you. The gnoll hits you.
You slash the gnoll! You freeze the gnoll.
You kill the gnoll!
You closely miss Natasha. You block the gnoll's attack.
Natasha hisses.
Natasha claws you.
* * * LOW HITPOINT WARNING * * *
The gnoll hits you but does no damage.
You hit Natasha. You freeze Natasha.
Natasha is severely wounded.
You block Natasha's attack. The gnoll hits you but does no damage.
You barely miss Natasha.
Natasha is severely wounded.
Natasha casts a spell at you. The magic dart hits you!
* * * LOW HITPOINT WARNING * * *
The gnoll hits you from afar with a spear.
You die...

#...5................. ..>.
................ ##5w.
................ #### #..J#
#####........... #..# +..h+
#..#.....#..... #..# #.5g#
#.÷#.....#.....
####†#####.gg#####'####..#.....
#..'.....#..g#.....'..#..######
#..#.....#...#@....#..#........
#'##.....'..gh.÷...####..######
#..#.....#...#.....#..#..#
#..'.....#...#.....'..#..#
####'#####...#####'####..#
#†.#..#...#..#..#....##
#..#..'...'..#..#...##
#######...#######.###
##..........#


You could see Natasha and a gnoll.

Vanquished Creatures
  Ijyb (D:2)
  Jessica (D:3)
  Robin (D:3)
  11 gnolls
  9 adders
  An ooze (D:3)
  3 worms
  A dart slug (D:3)
  3 giant geckos
  2 orcs (D:3)
  3 ball pythons
  3 bats (D:1)
  A giant cockroach (D:1)
  24 goblins
  9 hobgoblins
  8 jackals
  3 kobolds (D:2)
  A quokka (D:2)
  4 giant newts
  10 rats
99 creatures vanquished.

Notes
Turn   | Place    | Note
--------------------------------------------------------------
     0 | D:1      | epen the Hill Orc Fighter began the quest for the Orb.
     0 | D:1      | Reached XP level 1. HP: 19/19 MP: 1/1
   150 | D:1      | Reached XP level 2. HP: 15/27 MP: 2/2
   173 | D:1      | Reached skill level 3 in Axes
   343 | D:1      | Reached XP level 3. HP: 26/33 MP: 3/3
   821 | D:2      | Reached skill level 1 in Dodging
  1000 | D:2      | Reached XP level 4. HP: 40/40 MP: 4/4
  1069 | D:2      | Noticed Ijyb
  1108 | D:2      | Killed Ijyb
  1108 | D:2      | Reached skill level 4 in Axes
  1341 | D:2      | Found an opulent altar of Gozag.
  1512 | D:2      | Reached XP level 5. HP: 46/46 MP: 5/5
  1924 | D:3      | Noticed Robin
  1928 | D:3      | Noticed Jessica
  1953 | D:3      | Killed Robin
  1962 | D:3      | Killed Jessica
  2280 | D:3      | Reached XP level 6. HP: 40/53 MP: 6/6
  2828 | D:3      | Reached skill level 5 in Axes
  3035 | D:3      | Noticed Natasha
  3067 | D:3      | Slain by a gnoll

Skill      XL: |  1  2  3  4  5  6 |
---------------+-------------------+-----
Axes           | 3 4 5 |  5.2
Dodging        | 1 2 |  2.7
Fighting       | 4 |  4.4
Shields        | 4 |  4.3
Armour         | 4 |  4.3

Action                   |  1- 3 |  4- 6 || total
-------------------------+-------+-------++-------
Melee: War axe           |    76 |       ||    76
       Hand axe          |    19 |   262 ||   281
  Eat: Chunk             |       |     7 ||     7
Armor: Scale mail        |    44 |   117 ||   161
Dodge: Dodged            |    31 |    89 ||   120
Block: Shield            |    44 |   160 ||   204
